Map: Neon Violet Square LE

Players

DeMusliM - Winner!

  • Race: Terran Terran
  • League: Grandmaster
  • Spawn Location: 11:00

Maru

  • Race: Terran Terran
  • League: Grandmaster
  • Spawn Location: 5:00

VOD

Have the link to the VOD?

Description

Time

  • Played on: Dec. 31, 2017, 4:19 p.m.
  • Length: 15:41
Show
View Real Time Build Order
Export as new Build Order

DeMusliM Terran - Winner!

Build Orders: Gas First Reaper Expand, Reaper Expand, Mech, Banshee Rush 

Get SALT Encoding   

  12  0:00  SCV  
  13  0:12  SCV  
  14  0:18  Supply Depot  
  14  0:24  SCV  
  15  0:30  Refinery  
  15  0:39  SCV  
  16  0:45  Barracks  
  16  0:51  SCV  
  17  1:03  SCV  
  18  1:15  SCV  
  19  1:32  Orbital Command, Reaper  
  20  1:44  Command Center  
  20  1:55  Factory  
  20  1:58  SCV  
  21  2:07  Supply Depot  
  21  2:10  Reaper  
  21  2:15  Refinery  
  22  2:18  SCV  
  23  2:30  SCV  
  24  2:40  Hellion  
  24  2:42  Starport  
  26  2:46  SCV  
  26  2:50  Barracks Tech Lab  
  27  2:56  Orbital Command  
  27  2:58  SCV  
  27  3:01  Hellion  
  30  3:12  SCV  
  31  3:23  Hellion  
  31  3:25  SCV  
  31  3:26  SCV  
  35  3:28  Banshee, Cloaking Field  
  38  3:37  Supply Depot, SCV  
  38  3:38  SCV  
  39  3:49  SCV  
  39  3:50  SCV  
  41  3:59  Barracks Reactor  
  41  4:00  Cyclone  
  41  4:01  SCV  
  41  4:02  SCV  
  46  4:05  Engineering Bay  
  46  4:14  SCV x2  
  48  4:17  Command Center  
  48  4:25  Refinery x2  
  48  4:26  SCV x2  
  48  4:29  Supply Depot  
  50  4:38  SCV x2  
  52  4:50  SCV x2  
  52  4:51  Cyclone x2  
  60  4:52  Supply Depot  
  58  5:02  SCV  
  58  5:03  SCV  
  57  5:08  Barracks Tech Lab  
  57  5:10  Factory  
  57  5:11  Factory  
  55  5:14  SCV  
  55  5:16  Supply Depot  
  56  5:22  SCV  
  56  5:23  Hellion x2  
  60  5:31  SCV  
  60  5:34  SCV  
  57  5:43  SCV  
  57  5:45  Starport Reactor  
  57  5:46  Hellion, SCV  
  57  5:47  Hellion  
  63  5:52  Armory  
  63  5:54  Armory  
  63  5:55  SCV  
  64  5:59  Missile Turret  
  64  6:00  Missile Turret  
  64  6:02  SCV  
  65  6:08  Orbital Command  
  65  6:13  SCV  
  65  6:14  Siege Tank, SCV  
  70  6:25  Siege Tank, Hellion, SCV  
  75  6:26  SCV  
  75  6:27  Hellion  
  78  6:32  Missile Turret  
  78  6:37  SCV x2  
  78  6:38  SCV  
  81  6:41  Infernal Pre-Igniter  
  81  6:47  Siege Tank, Terran Vehicle Weapons Level 1, Terran Vehicle And Ship Armor Level 1  
  84  6:54  SCV x2  
  86  6:55  SCV  
  86  7:00  Siege Tank  
  89  7:06  SCV x2  
  89  7:07  SCV  
  92  7:12  Missile Turret  
  92  7:14  Missile Turret  
  92  7:17  Missile Turret  
  92  7:18  SCV  
  92  7:20  SCV  
  92  7:21  Refinery x2, Hellion x2, SCV  
  99  7:28  Viking  
  101  7:32  Siege Tank, Viking, SCV  
  101  7:35  SCV  
  108  7:38  Missile Turret  
  108  7:41  SCV  
  109  7:46  Supply Depot  
  109  7:47  Supply Depot  
  109  7:49  Hi-Sec Auto Tracking  
  109  7:50  SCV x2  
  109  7:53  SCV  
  110  7:59  Missile Turret  
  110  8:02  SCV x2  
  110  8:03  Siege Tank, Hellion  
  117  8:06  Hellion  
  117  8:13  Siege Tank  
  120  8:20  Missile Turret  
  120  8:21  SCV  
  120  8:24  Missile Turret  
  120  8:26  Missile Turret  
  121  8:28  Missile Turret, Command Center  
  121  8:29  Missile Turret  
  121  8:33  Hellion x2  
  125  8:43  Siege Tank  
  125  8:47  Siege Tank  
  125  8:48  Factory  
  131  8:49  Factory  
  131  8:54  Terran Vehicle Weapons Level 2  
  131  8:55  Supply Depot  
  131  8:56  Supply Depot  
  131  9:00  Terran Vehicle And Ship Armor Level 2  
  131  9:03  Hellion  
  133  9:11  Viking x2  
  133  9:12  Hellion, Supply Depot  
  133  9:14  Supply Depot  
  139  9:19  Siege Tank  
  139  9:21  Siege Tank  
  145  9:25  Hellion  
  147  9:32  Factory Tech Lab x2  
  147  9:33  Factory Reactor  
  147  9:38  SCV x3  
  150  9:42  Orbital Command  
  152  9:46  Hellion  
  152  9:50  SCV  
  152  9:51  Siege Tank  
  154  9:54  Siege Tank  
  154  9:55  Siege Tank, Refinery  
  154  9:56  Refinery, Hellion  
  162  10:05  Starport  
  162  10:06  Starport  
  164  10:07  Hellion, Viking  
  164  10:14  Hellion x2  
  170  10:20  Hellion, Smart Servos  
  170  10:31  Siege Tank x3  
  170  10:34  Building Armor  
  179  10:42  Hellion  
  181  10:43  Hellion x3  
  181  10:45  Starport Reactor, Starport Tech Lab  
  181  10:49  Fusion Core  
  187  10:53  Command Center  
  179  11:11  Siege Tank  
  179  11:12  Siege Tank x2  
  179  11:15  Hellion  
  187  11:28  Command Center  
  187  11:35  Missile Turret x2, Hellion  
  187  11:36  Missile Turret  
  187  11:37  Missile Turret, Hellion, Terran Vehicle Weapons Level 3  
  187  11:40  Supply Depot  
  187  11:41  Hellion  
  187  11:43  Liberator  
  185  12:00  Liberator x4  
  188  12:04  Advanced Ballistics  
  195  12:35  Siege Tank x3  
  195  12:36  Hellion x4  
  186  12:43  Viking  
  154  12:57  Hellion  
  156  13:00  Viking  
  156  13:03  Planetary Fortress  
  158  13:06  Command Center  
  158  13:07  Siege Tank x3  
  158  13:12  Viking x2  
  171  13:23  Refinery  
  171  13:24  Refinery  
  171  13:28  Viking  
  171  13:30  Hellion x3  
  171  13:31  Planetary Fortress  
  179  13:39  Siege Tank  
  179  13:40  Hellion, Thor  
  190  13:51  Siege Tank  
  193  14:06  Viking x3  
  190  14:21  Siege Tank  
  190  14:22  Hellion x4  
  190  14:23  Siege Tank  
  199  14:24  Liberator  
  199  14:31  Missile Turret  
  199  14:33  Refinery x2, Missile Turret  
  199  14:34  Orbital Command  
  199  14:38  Command Center  
  194  15:17  Command Center  
Show
View Real Time Build Order
Export as new Build Order

Maru Terran 

Build Orders: Reaper Expand, MMM Bio 

Get SALT Encoding   

  12  0:01  SCV  
  13  0:13  SCV  
  14  0:18  Supply Depot  
  14  0:25  SCV  
  15  0:40  SCV  
  15  0:41  Barracks  
  16  0:44  Refinery  
  16  0:52  SCV  
  17  1:04  SCV  
  18  1:16  SCV  
  19  1:28  Orbital Command  
  19  1:29  Reaper  
  20  1:42  Command Center  
  21  1:54  SCV  
  22  2:06  SCV  
  23  2:09  Barracks Reactor, Supply Depot  
  22  2:18  SCV  
  23  2:29  Factory  
  23  2:31  SCV  
  24  2:37  Command Center  
  24  2:45  Refinery, SCV  
  24  2:46  Marine  
  24  2:48  Marine  
  27  2:56  Orbital Command  
  27  3:00  SCV  
  27  3:04  Marine  
  29  3:06  Marine  
  29  3:12  SCV  
  31  3:15  Starport  
  31  3:17  Factory Tech Lab  
  31  3:22  SCV  
  31  3:24  SCV  
  33  3:29  Bunker  
  33  3:32  Marine  
  34  3:34  Marine, SCV  
  35  3:45  SCV  
  31  4:02  SCV x2  
  32  4:03  Marine x2  
  32  4:06  Banshee, Cloaking Field  
  37  4:10  Engineering Bay  
  37  4:12  Factory Tech Lab  
  37  4:13  Orbital Command  
  37  4:15  SCV  
  39  4:17  SCV  
  39  4:21  Marine x2  
  41  4:27  SCV  
  41  4:30  Siege Tank  
  41  4:31  SCV  
  46  4:36  Missile Turret  
  46  4:39  Missile Turret  
  46  4:41  SCV  
  46  4:42  SCV  
  46  4:44  SCV  
  49  4:51  Banshee  
  51  4:53  SCV  
  51  4:57  Marine x2  
  48  5:05  Missile Turret  
  45  5:09  SCV x2  
  45  5:14  Marine  
  45  5:15  SCV  
  45  5:21  SCV  
  46  5:24  Siege Tank  
  48  5:29  Marine  
  48  5:30  SCV  
  48  5:31  SCV  
  50  5:35  Marine  
  50  5:40  SCV  
  50  5:42  SCV  
  50  5:43  SCV  
  51  5:53  SCV  
  51  5:54  SCV  
  51  5:55  SCV  
  54  6:05  SCV  
  54  6:06  SCV  
  54  6:07  SCV  
  54  6:10  Marine  
  58  6:11  Stimpack, Viking  
  58  6:13  Barracks  
  58  6:15  Refinery x3  
  58  6:17  SCV  
  61  6:27  Supply Depot, SCV x2  
  61  6:29  Refinery, SCV  
  61  6:32  Marine  
  65  6:37  Command Center  
  65  6:39  SCV x2  
  67  6:41  SCV  
  67  6:45  Starport Reactor  
  68  6:51  SCV x2  
  68  6:53  SCV  
  71  6:55  Terran Infantry Weapons Level 1  
  71  6:56  Barracks  
  71  6:58  Engineering Bay  
  71  7:01  Factory Tech Lab  
  71  7:03  SCV x2  
  71  7:06  SCV  
  71  7:13  Marine x2  
  73  7:16  SCV x2  
  73  7:18  SCV  
  76  7:24  Supply Depot  
  76  7:26  Terran Infantry Armor Level 1  
  76  7:28  SCV  
  77  7:39  Marauder, Armory, Marine x2, SCV x2  
  77  7:40  SCV  
  84  7:45  Combat Shields  
  84  7:46  Marauder  
  84  7:48  Siege Tank  
  84  7:51  SCV x2  
  91  7:55  Orbital Command  
  91  7:56  SCV  
  92  7:59  Medivac  
  92  8:00  Medivac  
  92  8:01  Marauder  
  92  8:03  Refinery, SCV x2  
  100  8:06  Supply Depot  
  100  8:08  SCV  
  100  8:11  Marine x2  
  100  8:12  Concussive Shells, Marauder  
  105  8:15  SCV x2  
  107  8:23  SCV  
  107  8:25  Supply Depot  
  107  8:26  Barracks  
  108  8:27  Siege Tank, Barracks  
  108  8:32  Marauder  
  108  8:33  Marine x2  
  115  8:35  Orbital Command  
  116  8:41  SCV  
  116  8:42  Terran Ship Weapons Level 1  
  116  8:43  Marauder  
  116  8:44  Supply Depot, SCV x2  
  120  8:52  Missile Turret  
  120  8:54  Marine, Terran Infantry Weapons Level 2  
  120  8:55  Refinery, Marine  
  122  8:56  SCV  
  122  9:00  Missile Turret, SCV x3  
  122  9:02  Refinery  
  126  9:06  Marauder  
  129  9:10  SCV  
  129  9:15  Barracks Tech Lab x2  
  129  9:16  Barracks, SCV  
  130  9:18  Supply Depot, Barracks  
  130  9:19  Barracks  
  132  9:24  Marauder  
  132  9:26  SCV  
  133  9:33  SCV  
  133  9:35  Marauder  
  133  9:36  Supply Depot  
  133  9:37  Medivac  
  138  9:38  Command Center  
  138  9:39  Medivac  
  138  9:44  Supply Depot  
  138  9:45  Marauder  
  142  9:47  Marauder  
  142  9:48  Marine  
  142  9:52  Siege Tank  
  148  9:59  Terran Infantry Armor Level 2  
  148  10:01  Armory  
  148  10:02  Marauder  
  148  10:06  Marauder, Barracks Tech Lab x2  
  152  10:07  Barracks Tech Lab  
  152  10:17  Marauder x2  
  152  10:19  Marine  
  152  10:20  Medivac x2  
  160  10:26  Marauder x2, Marine  
  160  10:29  Marauder  
  160  10:30  Marauder x2  
  164  10:36  Marine  
  164  10:38  Marine x2  
  164  10:39  Terran Ship Weapons Level 2  
  164  10:40  Supply Depot  
  167  10:48  Marauder x2  
  171  10:50  Terran Vehicle And Ship Armor Level 1  
  171  10:51  Marauder x2  
  171  10:52  Planetary Fortress  
  171  10:53  Marine  
  171  10:54  Marine  
  171  10:55  Missile Turret  
  171  10:56  Marine x2  
  179  11:00  Marine  
  179  11:09  Marauder x2  
  179  11:11  Marine  
  182  11:12  Marauder  
  182  11:17  Marauder  
  182  11:18  Marauder  
  191  11:22  Fusion Core  
  191  11:23  Marauder  
  191  11:24  Starport  
  191  11:25  Starport  
  193  11:29  Marine  
  194  11:35  Marauder  
  194  11:41  Refinery  
  194  11:43  Marauder x3  
  200  11:52  Starport  
  200  11:56  Marauder  
  200  11:58  Marauder  
  199  12:14  Starport Reactor  
  199  12:20  Starport Tech Lab  
  199  12:21  Liberator x3  
  190  12:32  Marine  
  190  12:33  Marauder  
  190  12:34  Marauder, Marine x2  
  190  12:35  Marauder, Marine x2  
  190  12:36  Marauder  
  139  12:50  Marine  
  117  12:52  Marine  
  117  12:53  Marauder x2  
  117  12:54  Marauder x2  
  117  12:55  Marine  
  117  12:56  Marauder  
  117  12:57  Viking, Marine  
  117  12:58  Advanced Ballistics  
  123  13:00  Starport Reactor  
  123  13:03  Liberator  
  123  13:08  Marine  
  123  13:09  Viking  
  123  13:10  Marine  
  127  13:14  Marauder x3, Liberator  
  127  13:15  Marauder x2  
  127  13:17  Marauder  
  127  13:18  Marauder  
  141  13:21  Viking x2, Terran Vehicle And Ship Armor Level 2  
  141  13:26  Marine  
  145  13:27  Marine  
  149  13:35  Marauder, Marine  
  149  13:39  Viking  
  149  13:41  Marine x3  
  154  13:42  Marine  
  154  13:45  Marine x2  
  154  13:46  Marine  
  159  13:49  Viking  
  159  13:51  Viking  
  159  13:53  Viking  
  165  13:57  Viking  
  165  14:00  Marauder, Marine x2  
  170  14:04  Marine  
  170  14:05  Marauder, Marine x2  
  170  14:06  Marine  
  170  14:07  Marine  
  172  14:18  Marine x2  
  172  14:21  Marine  
  172  14:22  Marine  
  172  14:23  Marauder, Marine  
  172  14:24  Marine  
  151  14:25  Marauder  
  151  14:26  Viking, Marine  
  151  14:28  Medivac  
  157  14:36  Marauder, Marine  
  157  14:37  Viking  
  162  14:39  Viking, Marine  
  162  14:40  Marine x2  
  162  14:42  Marauder  
  162  14:43  Viking  
  162  14:44  Marine  
  173  14:46  Marine  
  174  14:53  Marine  
  174  14:57  Marauder, Marine  
  174  14:58  Marine x2  
  180  15:02  Marauder  
  180  15:03  Marine  
  180  15:04  Marine  
  183  15:11  Marine  
  181  15:15  Marine  
  181  15:16  Marine x2  
  181  15:19  Marauder  
  179  15:22  Marine  
Tags
 
Add a new tag
Caveats
  • Supply blocks, unpowered buildings, or Contaminate may cause inaccurate times.
  • Supply counts are checked every 10 seconds.